AoeStats
← nanakusa

Arena

508195894Analyzed
4v4 RM · 12d ago on Sep 21, 2026· 16m 36s· 8 players
Game mode
Random Map
Map size
Large (8 player)
Population
200
Speed
Normal
Resources
Standard
Victory
Conquest
Starting age
Dark Age
Ending age
Imperial Age
RankedLock teamsTeams togetherTeam positionsShared explorationLock speedFull tech treeHidden civsTurbo modeCheats
Victory
Defeat
🇸🇪 Wei · Sweden
1844
+5
🇺🇸 Vikings · United States
1699
+10
🇦🇺 Cumans · Australia
1370
+22
🇦🇺 Magyars · Australia
1354
+22
🇨🇳 Malay · China
1759
-24
🇯🇵 Turks · Japan
1500
-13
🇮🇳 Byzantines · India
1456
-11
🇫🇷 Maya · France
1451
-11
snek_fan
10:29 Feudal Age
14:21 Castle Age
12:55 Double-Bit Axe
十大地方
10:47 Feudal Age
10:31 Loom
13:03 Double-Bit Axe
nanakusa
10:55 Feudal Age
12:18 Wheelbarrow
15:23 Castle Age
13:48 Double-Bit Axe
14:13 Horse Collar
guilleol1005
0:34 Loom
11:09 Feudal Age
12:02 Double-Bit Axe
11:59 Horse Collar
Lastmantillidie
10:07 Feudal Age
13:44 Castle Age
11:58 Double-Bit Axe
12:33 Horse Collar
15:41 Bow Saw
JuanWicko
6:26 Loom
9:13 Feudal Age
10:01 Double-Bit Axe
10:48 Horse Collar
itodler
7:39 Loom
10:00 Feudal Age
10:03 Man-at-Arms
10:36 Double-Bit Axe
10:34 Horse Collar
Håll Kaeften
10:53 Feudal Age
14:47 Castle Age
12:49 Double-Bit Axe
13:11 Horse Collar
14:24 Fletching
15:51 Bow Saw
Connection lost

Rejoining the realm…

Still unreachable

The connection could not be restored.

Session expired

The server has moved on; the page needs a fresh start.